Map: Simulacrum LE

Players

KillerQueen

  • Race: Zerg Zerg
  • Spawn Location: 11:00

A.I. 1 (Medium)

  • Race: Protoss Protoss
  • Spawn Location: 5:00

VOD

Have the link to the VOD?

Description

Time

  • Played on: May 2, 2020, 12:17 a.m.
  • Length: 18:07
Show
View Real Time Build Order
Export as new Build Order

KillerQueen Zerg 

Build Orders: Hatch First, Lurkers 

Get SALT Encoding   

  12  0:00  Overlord, Lair, Drone x12  
  12  0:03  Drone  
  13  0:34  Hatchery  
  12  0:38  Drone  
  12  0:40  Drone  
  14  0:58  Spawning Pool  
  13  1:05  Overlord  
  13  1:13  Drone  
  14  1:45  Zergling x6  
  17  1:47  Queen  
  17  1:53  Overlord, Extractor  
  18  2:08  Queen  
  18  2:10  Drone x4  
  24  2:17  Overlord  
  24  2:23  Drone  
  24  2:28  Drone  
  26  2:32  Drone  
  26  3:04  Drone  
  26  3:05  Drone x5  
  30  3:20  Drone x2  
  30  3:24  Roach Warren  
  30  3:25  Baneling Nest  
  30  3:27  Drone  
  31  3:29  Drone  
  31  3:30  Metabolic Boost  
  31  3:31  Extractor  
  31  3:42  Spine Crawler  
  31  3:43  Spine Crawler  
  31  3:45  Spine Crawler  
  28  3:51  Drone x3  
  31  3:58  Drone x3  
  31  4:00  Drone  
  35  4:09  Drone x2  
  37  4:14  Roach x2  
  41  4:20  Drone  
  41  4:22  Overlord  
  41  4:23  Overlord  
  42  4:34  Lair  
  42  4:39  Overlord  
  42  4:40  Drone x3  
  42  4:44  Drone x2  
  47  4:46  Drone  
  47  4:49  Extractor  
  47  4:50  Roach  
  49  4:54  Roach  
  51  5:10  Drone  
  51  5:11  Drone x6  
  58  5:24  Spore Crawler, Extractor  
  58  5:25  Spore Crawler  
  58  5:26  Roach x4  
  63  5:43  Hydralisk Den  
  63  5:48  Drone x4  
  63  5:49  Drone  
  67  5:54  Spore Crawler, Overlord x2  
  67  5:55  Overlord x2  
  66  6:07  Overlord  
  66  6:08  Drone  
  67  6:13  Overseer  
  67  6:19  Hydralisk x5  
  67  6:25  Drone  
  78  6:37  Hydralisk x5  
  88  6:56  Hydralisk x2  
  88  6:57  Hydralisk x3  
  96  7:19  Zergling x12  
  102  7:27  Overseer  
  102  7:35  Hatchery, Extractor x2  
  102  7:36  Lurker Den, Glial Reconstitution  
  98  7:37  Roach  
  98  7:38  Roach x3  
  107  7:44  Drone x2  
  107  7:45  Overlord  
  107  7:46  Overlord x2  
  108  7:53  Overlord  
  103  8:24  Hydralisk  
  103  8:25  Hydralisk x6  
  116  8:43  Zergling x8  
  120  8:50  Lurker x4  
  120  8:51  Hydralisk x3  
  130  8:57  Warp Gate  
  130  9:00  Zergling x6  
  133  9:07  Drone x3  
  136  9:18  Glial Reconstitution, Metabolic Boost, Drone x3  
  136  9:19  Queen  
  136  9:21  Drone x2  
  143  9:27  Infestation Pit  
  141  9:33  Evolution Chamber  
  140  9:40  Lair  
  140  9:41  Evolution Chamber, Drone x6  
  140  9:44  Evolution Chamber  
  144  10:19  Overlord  
  144  10:25  Drone x12  
  144  10:40  Drone  
  13  11:12  Hatchery, Drone  
  13  11:16  Drone  
  14  11:40  Spawning Pool  
  14  11:45  Overlord  
  13  11:51  Drone  
  14  12:26  Zergling x4  
  14  12:27  Zergling x4  
  14  12:29  Queen  
  18  12:32  Queen  
  22  12:39  Overlord  
  22  12:44  Drone  
  22  12:49  Extractor  
  22  12:54  Drone  
  22  12:55  Drone  
  22  12:56  Drone  
  25  12:59  Drone  
  26  13:08  Drone  
  27  13:13  Drone  
  28  13:21  Drone  
  28  13:22  Drone  
  28  13:43  Drone  
  28  13:46  Drone  
  28  13:47  Drone x2  
  30  13:50  Drone  
  30  13:52  Drone  
  30  13:53  Drone x3  
  35  13:58  Roach Warren  
  35  13:59  Extractor  
  33  14:05  Overlord  
  33  14:06  Overlord  
  33  14:13  Drone  
  34  14:23  Drone  
  34  14:24  Drone  
  36  14:25  Drone  
  37  14:37  Roach x6  
  49  14:41  Roach  
  51  14:47  Overlord  
  51  14:54  Overlord  
  51  14:58  Overlord  
  51  14:59  Drone  
  52  15:07  Roach x4  
  60  15:12  Overlord x2  
  60  15:19  Roach  
  62  15:22  Roach  
  62  15:25  Drone  
  62  15:26  Drone x2  
  67  15:29  Roach  
  67  15:30  Roach  
  67  15:32  Roach  
  73  15:39  Ravager x2  
  75  15:43  Ravager  
  75  15:48  Roach  
  78  16:02  Zergling x20  
  88  16:07  Zergling x2  
  89  16:16  Roach  
  91  16:21  Overlord  
  91  16:34  Overlord x2  
  91  16:39  Extractor  
  90  16:42  Extractor  
  90  16:46  Lair  
  89  17:08  Roach x6  
  101  17:30  Drone  
  101  17:31  Drone x5  
  107  17:46  Hatchery  
Show
View Real Time Build Order
Export as new Build Order

A.I. 1 (Medium) Protoss 

Build Orders: Nexus First 

Get SALT Encoding   

  12  0:00  Probe x12  
  12  0:01  Unknown, Probe  
  13  0:13  Probe  
  14  0:47  Nexus  
  14  0:52  Pylon  
  14  0:53  Probe  
  15  1:06  Probe  
  16  1:15  Probe  
  16  1:19  Assimilator  
  16  1:21  Gateway  
  16  1:23  Probe  
  18  1:33  Pylon  
  18  2:00  Gateway  
  18  2:05  Assimilator  
  18  2:10  Zealot  
  18  2:11  Cybernetics Core  
  20  2:40  Zealot  
  20  2:52  Probe  
  20  2:55  Probe  
  18  2:59  Adept  
  18  3:03  Probe  
  21  3:10  Probe  
  21  3:12  Adept  
  22  3:16  Warp Gate  
  24  3:32  Zealot  
  26  3:44  Stalker  
  28  4:05  Adept  
  28  4:06  Probe  
  31  4:12  Probe  
  32  4:19  Adept  
  32  4:22  Probe  
  34  4:24  Pylon  
  35  4:31  Probe  
  35  4:34  Probe  
  35  4:38  Adept  
  39  4:43  Probe  
  40  4:49  Adept  
  40  4:53  Forge  
  42  5:16  Adept  
  44  6:19  Probe  
  44  6:21  Stalker  
  44  6:23  Pylon  
  44  6:25  Probe  
  48  6:27  Photon Cannon  
  48  6:31  Photon Cannon  
  48  6:34  Robotics Facility  
  48  6:35  Sentry  
  48  6:37  Stargate  
  48  6:39  Twilight Council  
  50  6:41  Gateway  
  50  6:47  Pylon  
  50  6:49  Stalker  
  52  6:56  Forge  
  52  7:02  Stalker  
  34  7:15  Observer  
  34  7:16  Sentry  
  37  7:30  Sentry  
  37  7:32  Observer  
  40  7:43  Zealot  
  42  7:56  Void Ray  
  42  7:57  Adept  
  34  8:13  Immortal  
  36  8:20  Stalker  
  37  8:27  Zealot  
  35  8:42  Zealot  
  28  8:50  Zealot  
  26  8:58  Pylon, Zealot  
  16  9:07  Pylon  
  9  9:10  Zealot  
  7  9:22  Pylon  
    10:25  Probe x12  
    10:37  Unknown, Probe  
  14  10:50  Probe  
  14  11:10  Pylon  
  14  11:31  Nexus  
  13  11:44  Gateway  
  13  12:33  Cybernetics Core  
  13  12:52  Assimilator  
  13  12:59  Assimilator  
  13  13:04  Probe  
  13  13:10  Pylon  
  11  13:46  Pylon  
  9  13:51  Pylon  
  9  14:09  Gateway  
  9  14:13  Probe  
  9  14:23  Probe  
  11  14:27  Pylon  
  11  14:42  Probe  
  12  14:47  Probe  
  13  14:53  Probe  
  14  15:09  Twilight Council  
  14  15:17  Probe  
  14  15:20  Probe  
  16  15:26  Gateway  
  16  15:29  Probe  
  16  15:32  Probe  
  18  15:41  Probe  
  19  15:44  Probe  
  19  15:48  Dark Shrine, Stalker  
  22  15:51  Probe  
  23  15:59  Pylon  
  21  16:10  Pylon  
  21  16:19  Stalker  
  21  16:33  Pylon  
  21  16:38  Pylon  
  17  16:59  Pylon, Stalker  
  17  17:08  Probe  
Tags
 
Add a new tag
Caveats
  • Supply blocks, unpowered buildings, or Contaminate may cause inaccurate times.
  • Supply counts are checked every 10 seconds.